 Dungeon Crawl Stone Soup version 0.31-a0-188-g5e087ee2ca (webtiles) character file.

Game seed: 10419599319745595341

311 Ijustatesigmund the Stinger (level 6, 0/57 HPs)
             Began as an Octopode Venom Mage on June 23, 2023.
             Slain by an iguana (1 damage)
             ... on level 4 of the Dungeon.
             The game lasted 00:06:47 (2974 turns).

Ijustatesigmund the Stinger (Octopode Venom Mage)   Turns: 2974, Time: 00:06:48

Health: 0/57       AC: 23    Str:  7    XL:     6   Next: 42%
Magic:  10/11      EV:  2    Int: 20    God:
Gold:   70         SH:  0    Dex: 14    Spells: 5/11 levels left

rFire   + . .        i - +5 mace of Ror Vutu {freeze, Fragile rElec Dex+2}
rCold   + . .        (no shield)
rNeg    . . .        (helmet currently unavailable)
rPois   +            (no amulet)
rElec   +            (no ring)
rCorr   +            (no ring)
SInv    .            (no ring)
Will    +....        (no ring)
Stlth   ++           (no ring)
HPRegen 0.29/turn    (no ring)
MPRegen 0.12/turn    (no ring)
                     (no ring)

%: no passive effects
@: tree-form, resistant, enlightened
A: stationary, stasis, torment immunity, boosted hp, almost no armour,
(amphibious), 8 rings, (camouflage 1), (gelatinous body 1), (nimble swimmer 1),
(tentacles)
a: no special abilities


You were on level 4 of the Dungeon.
You were a tree.
You visited 1 branch of the dungeon, and saw 4 of its levels.

You collected 70 gold pieces.

Inventory:

Hand Weapons
 c - a +0 spectral broad axe
 d - a +1 mace of protection
 h - a +1 war axe of flaming
 i - the +5 mace of Ror Vutu (weapon) {freeze, Fragile rElec Dex+2}
   (You found it on level 2 of the Dungeon)

   Dex:       It affects your dexterity (+2).
   rElec:     It insulates you from electricity.
   Fragile:   It will be destroyed if unequipped.
Potions
 a - a potion of magic


   Skills:
 - Level 1.1 Fighting
 + Level 1.7 Maces & Flails
 - Level 2.0 Dodging
 - Level 2.6 Stealth
 + Level 3.3 Spellcasting
 + Level 2.3 Conjurations
 - Level 1.0 Transmutations
 + Level 2.3 Air Magic
 + Level 5.1 Poison Magic


You had 5 spell levels left.
You knew the following spells:

 Your Spells              Type           Power      Damage    Failure   Level
a - Sting                 Tmut/Pois      60%        1d6       3%          1
b - Poisonous Vapours     Pois/Air       36%        N/A       4%          2
c - Mephitic Cloud        Conj/Pois/Air  16%        N/A       11%         3

Your spell library contained the following spells:

 Spells                   Type           Power      Damage    Failure   Level
 Shock                    Conj/Air       48%        1d6       5%          1
 Swiftness                Air            12%        N/A       16%         3
 Passwall                 Tmut/Erth      4%         N/A       17%         2
 Olgreb's Toxic Radiance  Pois           23%        N/A       17%         4
 Ensorcelled Hibernation  Hex/Ice        6%         N/A       21%         2
 Portal Projectile        Hex/Tloc       6%         N/A       38%         3
 Tukima's Dance           Hex            3%         N/A       38%         3
 Airstrike                Air            6%         2d(1-17)  45%         4
 Blade Hands              Tmut           3%         N/A       94%         5


Dungeon Overview and Level Annotations

Branches:
Dungeon (4/15)             Temple (0/1) D:4

Altars:

Annotations:
D:2 Sigmund
D:3 3 runed translucent doors, Zero's ghost, amateur GrEE


Innate Abilities, Weirdness & Mutations

You are a tree.
Your roots penetrate the ground, keeping you stationary.
You cannot be teleported.
You are immune to unholy pain and torment.
Your maximum health is greatly increased.
You cannot wear most types of armour.
((You are amphibious.))
You can wear up to eight rings at the same time.
((Your skin changes colour to match your surroundings (Stealth+).))
((Your rubbery body absorbs attacks. (AC +1, EV +1)))
((You are camouflaged when in or above water. (Stealth+)))
((You have tentacles for arms and can constrict up to eight enemies at once.))


Message History

You are too injured to fight recklessly!
You are too injured to fight recklessly!
It was a potion of enlightenment.
You feel very buoyant.
You fly up into the air.
The phantom closely misses you.
It was a potion of resistance.
You feel protected.
The orc shouts!
The iguana hisses angrily.
The phantom misses you.
You hit the phantom.
The phantom is severely damaged.
The phantom hits you but does no damage.
You barely miss the phantom. You squeeze the phantom.
The phantom is severely damaged.
The phantom hits you.
You hit the phantom.
The phantom is severely damaged.
The phantom hits you.
* * * LOW HITPOINT WARNING * * *
The phantom hits you but does no damage.
The orc barely misses you.
As you read the scroll labelled ZEIG DEXTOACK, it crumbles to dust.
You feel aware of your surroundings.
You sensed 7 altars, and 1 shop/portal.
It was a scroll of revelation.
The phantom hits you!
* * * LOW HITPOINT WARNING * * *
The phantom blinks!
You blink.
The orc barely misses you.
Really quaff the potion of lignification?
You turn into a tree.
Your roots penetrate the ground.
The phantom hits you but does no damage.
The orc hits you but does no damage.
You sock the phantom!
You destroy the phantom!
The orc hits you with a +0 dagger.
* * * LOW HITPOINT WARNING * * *
You closely miss the orc.
The iguana bites you but does no damage.
The orc hits you but does no damage.
You closely miss the orc. The orc hits you but does no damage.
The iguana bites you.
You die...

*,,,...##.......##.,,,,,,,
*#..................,,,,,,,
*...................,,,,,,,
*................?.!,**,,,,
*.....#.............,**,,,,
**,.?.#..............#*,,..
***,.#................#**...
**,...#................###...
*,,.........♣o..#......#.....
**,.#........l.###.........,,
**#.##.........##.##....,*,,
*,,............###...#,,*,,
*..>...............<.#*,,,,
*.....##...................
**#.........................
*,..........#....#..........
*,,,......#......#........#.


You could see an iguana and an orc.

Vanquished Creatures
  A black bear (D:4)
  A phantom (D:4)
  Terence (D:2)
  5 adders
  A worm (D:2)
  8 orcs (D:3)
  3 ball pythons
  5 bats
  7 endoplasms
  2 giant cockroaches (D:2)
  2 goblins (D:1)
  10 hobgoblins
  4 jackals (D:1)
  3 quokkas
  3 frilled lizards
  7 kobolds
  5 rats
68 creatures vanquished.

Notes
Turn   | Place    | Note
-------+----------+-------------------------------------------
     0 | D:1      | Ijustatesigmund the Octopode Venom Mage began the quest for
                  | the Orb.
     0 | D:1      | Reached XP level 1. HP: 11/11 MP: 3/3
   119 | D:1      | Reached XP level 2. HP: 18/18 MP: 1/5
   225 | D:1      | Reached skill level 1 in Fighting
   235 | D:1      | Reached skill level 4 in Poison Magic
   286 | D:1      | Learned a level 2 spell: Poisonous Vapours
   496 | D:1      | Reached XP level 3. HP: 23/23 MP: 6/6
   501 | D:1      | Learned a level 3 spell: Mephitic Cloud
  1080 | D:2      | Noticed Terence
  1097 | D:2      | Killed Terence
  1098 | D:2      | Reached skill level 1 in Air Magic
  1098 | D:2      | Reached XP level 4. HP: 5/28 MP: 3/8
  1254 | D:2      | Reached skill level 1 in Conjurations
  1267 | D:2      | Found a faded altar of an unknown god.
  1268 | D:2      | Identified the +5 mace of Ror Vutu {freeze, Fragile rElec
                  | Dex+2}
  1671 | D:2      | Noticed Sigmund
  1991 | D:3      | Reached XP level 5. HP: 15/33 MP: 7/9
  2499 | D:3      | Found a runed translucent gate.
  2499 | D:3      | Found a runed translucent gate.
  2499 | D:3      | Found a runed translucent gate.
  2500 | D:3      | Noticed Zero's ghost (amateur GrEE)
  2500 | D:3      | Noticed a kobold brigand
  2749 | D:4      | Noticed a black bear
  2794 | D:4      | Killed a black bear
  2795 | D:4      | Reached skill level 1 in Maces & Flails
  2795 | D:4      | Reached skill level 5 in Poison Magic
  2795 | D:4      | Reached XP level 6. HP: 27/38 MP: 3/10
  2972 | D:4      | HP: 1/57 [orc/+0 dagger (3)]
  2974 | D:4      | Slain by an iguana

Illustrated notes

Levels and vault maps discovered:
D:1:      dpeg_arrival_erosion, layout_basic
D:2:      minmay_chambers_of_ones, layout_rooms, ebering_ecumenical_altar_mist,
          uniq_sigmund, uniq_terence, uniq_crazy_yiuf_cottage
D:3:      layout_loops_cross, gammafunk_ghost_nasty_kobolds
D:4:      layout_cave_pools, minitemple, nicolae_overflow_squiral,
          minmay_temple_entry_stoned_glass, gammafunk_ghost_split, serial_shops,
          shop, serial_bayou_crossing

Skill      XL: |  1  2  3  4  5 |
---------------+----------------+-----
Fighting       | 1 |  1.1
Poison Magic   | 4 5 |  5.1
Air Magic      | 1 2 |  2.3
Conjurations   | 1 2 |  2.3
Spellcasting   | 3 |  3.3
Maces & Flails | 1 |  1.7
Dodging        | |  2.0
Stealth        | |  2.6
Transmutations | |  1.0

Action                     |  1- 3 |  4- 6 || total
---------------------------+-------+-------++-------
  Melee: Unarmed           |    10 |       ||    10
         Constrict         |    17 |    11 ||    28
         Tentacles         |    16 |     6 ||    22
         Short sword       |    38 |       ||    38
         Dagger            |    10 |       ||    10
         Mace              |       |    53 ||    53
   Cast: Sting             |    14 |     2 ||    16
         Poisonous Vapours |     9 |    27 ||    36
    Use: Scroll            |       |     7 ||     7
         Potion            |       |     4 ||     4
   Stab: Sleeping          |     2 |     7 ||     9
 Armour: Skin              |     1 |    14 ||    15
  Dodge: Dodged            |    39 |    22 ||    61

Table legend: (Time is in decaauts)
 A = Elapsed time spent in this place.
 B = Non-inter-level travel time spent in this place.
 C = Inter-level travel time spent in this place.
 D = Time resting spent in this place.
 E = Time spent auto-exploring this place.
 F = Levels seen in this place.
 G = Mean time per level.
                   A        B        C        D        E       F      G
               +--------+--------+--------+--------+--------+-----+--------+
         Total |   2992 |   2860 |    132 |    553 |   1801 |   4 |  748.0 |
       Dungeon |   2992 |   2860 |    132 |    553 |   1801 |   4 |  748.0 |
               +--------+--------+--------+--------+--------+-----+--------+

Top non-repeatable levels by time:
     D:3: 1264 daAuts
     D:1: 1068 daAuts
     D:2: 608 daAuts
     D:4: 51 daAuts
